 Dungeon Crawl Stone Soup version 0.31.0-12-g77e489cdc1 (webtiles) character file.

Game seed: 12051180450147890865

5 ChadusMaximus the Caller (level 1, 0/13 HPs)
             Began as a Barachi Summoner on Mar 4, 2024.
             Slain by a quokka (4 damage)
             ... on level 1 of the Dungeon.
             The game lasted 00:00:20 (196 turns).

ChadusMaximus the Caller (Barachi Summoner)          Turns: 196, Time: 00:00:21

Health: 0/13       AC:  2    Str:  9    XL:     1   Next: 80%
Magic:  1/3        EV: 12    Int: 15    God:
Gold:   47         SH:  0    Dex: 12    Spells: 3/4 levels left

rFire   . . .        (no weapon)
rCold   . . .        (no shield)
rNeg    . . .        a - +0 robe
rPois   .            (no helmet)
rElec   .            (no cloak)
rCorr   .            (no gloves)
SInv    .            (no boots)
Will    .....        (no amulet)
Stlth   ++           (no ring)
HPRegen 0.22/turn    (no ring)
MPRegen 0.08/turn

%: no passive effects
@: slow
A: amphibious, slowness 1, strong legs 1, +LOS
a: Hop


You were on level 1 of the Dungeon.
You visited 1 branch of the dungeon, and saw 1 of its levels.

You collected 47 gold pieces.

Inventory:

Armour
 a - a +0 robe (worn)
Scrolls
 d - a scroll of blinking {unknown}
 e - a scroll of noise {unknown}
Potions
 b - a potion of magic
 c - a potion of mutation {unknown}


   Skills:
 + Level 2.4 Dodging
 - Level 1.7 Stealth
 + Level 2.3 Spellcasting
 + Level 4.9 Summonings


You had 3 spell levels left.
You knew the following spells:

 Your Spells              Type           Power      Damage    Failure   Level
a - Summon Small Mammal   Summ           64%        N/A       2%          1

Your spell library contained the following spells:

 Spells                   Type           Power      Damage    Failure   Level
 Call Imp                 Summ           32%        N/A       4%          2
 Call Canine Familiar     Summ           16%        N/A       9%          3
 Summon Blazeheart Golem  Fire/Summ      9%         N/A       58%         4
 Summon Lightning Spire   Summ/Air       9%         N/A       58%         4


Dungeon Overview and Level Annotations

Branches:
Dungeon (1/15)

Altars:


Innate Abilities, Weirdness & Mutations

You are amphibious.
You cover ground slowly.
You can hop short distances.
You have an extended range of vision and can be seen from far away.


Message History

You kill the rat!
The bat hits you but does no damage.
Your quokka bites the bat but does no damage.
You miss the bat. The bat closely misses you.
A bat is nearby!
You hit the bat but do no damage. The bat misses you.
The bat closely misses you.
Your quokka closely misses the bat.
A bat is nearby!
The bat hits you but does no damage. The bat closely misses you.
Your quokka bites the bat.
The bat closely misses you.
You hit the bat.
You kill the bat!
Your rat disappears in a puff of smoke!
You swap places.
You swap places.
Your quokka disappears in a puff of smoke!
A quokka and a ball python come into view.
There are monsters nearby!
The ball python barely misses you. The ball python grabs you.
The ball python constricts you.
Casting: Summon Small Mammal (safe; 2% risk of failure)
Confirm with . or Enter, or press ? or * to list all spells.
The ball python bites you but does no damage.
The ball python constricts you.
Casting: Summon Small Mammal (safe; 2% risk of failure)
Confirm with . or Enter, or press ? or * to list all spells.
The ball python misses you. The ball python constricts you.
The quokka bites you.
You barely miss the ball python. The ball python bites you.
The ball python constricts you. The quokka bites you.
You closely miss the ball python. The ball python closely misses you.
The ball python constricts you. The quokka bites you.
Your quokka closely misses the ball python. x2
You are too injured to fight recklessly!
You hit the ball python but do no damage.
The ball python barely misses you. The ball python constricts you.
The quokka barely misses you.
Your quokka bites the ball python.
The ball python dies!
You swap places.
The quokka bites you. x2
You die...

.....#. ....# ....#.
.#.. ..... ...# # ###
.... ... .# #<#
...#..##.### ###.# #
#..........# #...#.#
#..........# #.###.#..
#...........
#.....#...##.r@r.....#
#####.###...#..r.......#
..#...#
#........###...#..
###.### #.....##.# ..#.#
..#...# #.....##.# ...
#.#.#.# #.....#..# ..###
#...#...#.......##
##...# #.###
#.#.......### #..#.####
..#
.#.........####.#..(..#


You could see a quokka (ally target) and 2 friendly quokkas.

Vanquished Creatures
  2 bats (D:1)
  A rat (D:1)
3 creatures vanquished.

Vanquished Creatures (collateral kills)
  An endoplasm (D:1)
  A giant cockroach (D:1)
  A ball python (D:1)
3 creatures vanquished.

Grand Total: 6 creatures vanquished

Notes
Turn   | Place    | Note
-------+----------+-------------------------------------------
     0 | D:1      | ChadusMaximus the Barachi Summoner began the quest for the
                  | Orb.
     0 | D:1      | Reached XP level 1. HP: 13/13 MP: 3/3
   196 | D:1      | Slain by a quokka

Illustrated notes

Levels and vault maps discovered:
D:1:      elethiomel_arrival_maze, layout_rooms

Action                     || total
---------------------------++-------
  Melee: Unarmed           ||    12
   Cast: Summon Small Mamm ||     8
 Armour: Robe              ||    19
  Dodge: Dodged            ||    21
